 Dungeon Crawl Stone Soup version 0.30-a0-381-g6ea064c7b4 (webtiles) character file.

Game seed: 4166364702285003870

88 qeuew the Ruffian (level 4, 44/44 HPs)
             Began as a Troll Chaos Knight on Dec 1, 2022.
             Was a Plaything of Xom.
             Quit the game on level 3 of the Dungeon.
             The game lasted 00:02:17 (1650 turns).

qeuew the Ruffian (Troll Chaos Knight)              Turns: 1650, Time: 00:02:17

Health: 44/44      AC:  6    Str: 22    XL:     4   Next: 30%
Magic:  3/3        EV: 10    Int:  8    God:    Xom [*.....]
Gold:   114        SH:  5    Dex:  9    Spells: 3/3 levels left

rFire   . . .      SeeInvis .      - Unarmed
rCold   . . .      Faith    .    (no shield)
rNeg    . . .      Spirit   .    a - +2 robe
rPois   .          Reflect  +    (helmet restricted)
rElec   .          Harm     .    (no cloak)
rCorr   .          Rampage  .    (gloves unavailable)
Will    .....                    (boots unavailable)
Stlth   +.........               d - amulet of reflection
HPRegen 1.07/turn                (no ring)
MPRegen 0.08/turn                (no ring)

@: no status effects
A: large, unfitting armour, claws 3, regeneration 1, shaggy fur 1, tough skin 1,
inability to drink after injury 1
a: Renounce Religion


You were on level 3 of the Dungeon.
You worshipped Xom.
You were a special plaything of Xom.
You visited 1 branch of the dungeon, and saw 3 of its levels.

You collected 114 gold pieces.

Inventory:

Armour
 a - a +2 robe (worn)
Jewellery
 d - an amulet of reflection (around neck)
 m - a +6 ring of intelligence
Wands
 e - a wand of polymorph (5)
Scrolls
 c - a scroll of enchant armour {unknown}
 f - 2 scrolls of teleportation
 g - a scroll of poison {unknown}
 j - a scroll of identify
Potions
 h - 2 potions of heal wounds
 i - a potion of mutation {unknown}
 k - 3 potions of flight {unknown}
 l - a potion of ambrosia {unknown}
Miscellaneous
 b - a piece from Xom's chessboard (15/15) (quivered)


   Skills:
 + Level 2.8 Fighting
 + Level 2.4 Dodging
 * Level 4.0 Unarmed Combat
 + Level 1.1 Evocations


You had 3 spell levels left.
You didn't know any spells.
Your spell library was empty.

Dungeon Overview and Level Annotations

Branches:
Dungeon (3/15)

Altars:

Shops:
D:1 !

Annotations:
D:3 1 runed translucent door


Innate Abilities, Weirdness & Mutations

You are too large for most types of armour.
You have claws for hands.
Your natural rate of healing is unusually fast.
You are covered in fur. (AC +1)
You have tough skin. (AC +1)
You occasionally lose the ability to drink potions when taking damage.


Message History

The kobold hits you with a +0 club.
You barely miss the kobold. The kobold hits you but does no damage.
You miss the kobold. The kobold hits you with a +0 club.
You closely miss the kobold. You claw the kobold!
You kill the kobold!
You block the endoplasm's attack.
You scratch the endoplasm.
The endoplasm is moderately wounded.
The endoplasm hits you but does no damage.
You barely miss the endoplasm. You claw the endoplasm.
You kill the endoplasm!
Found a runed translucent door.
There is a stone staircase leading down here.
Found 3 stones.
You open the door.
There is an open door here.
You open the door.
A frilled lizard comes into view.
Found 4 stones.
A frilled lizard is nearby!
A frilled lizard is nearby!
A giant cockroach comes into view.
There is an open door here.
The frilled lizard hisses angrily.
The giant cockroach misses you. The giant cockroach barely misses you.
You scratch the giant cockroach.
You kill the giant cockroach!
You claw the frilled lizard!
You kill the frilled lizard!
No target in view!
No target in view!
No target in view!
No target in view!
No target in view!
No target in view!
No target in view!
No target in view!
No target in view!
Are you sure you want to abandon this character and quit the game? (Confirm with "yes".)

##########
##########.........
#........'.........
######'########..(......
.........### #.@.......
...........# #.†.......
.........#.# ...........
.........#.##.#.........
.........#.##.#.........
.........#... ..........
.........#.##.#+#.......
....##+#.#....#~########
(...##+#>..##


There were no monsters in sight!

Vanquished Creatures
  2 adders (D:2)
  2 worms
  4 dart slugs
  An orc (D:3)
  5 ball pythons
  3 bats
  6 endoplasms
  4 giant cockroaches
  3 goblins
  4 hobgoblins
  2 jackals (D:1)
  5 kobolds
  2 quokkas
  6 frilled lizards
  4 rats
53 creatures vanquished.

Notes
Turn   | Place    | Note
-------+----------+-------------------------------------------
     0 | D:1      | qeuew the Troll Chaos Knight began the quest for the Orb.
     0 | D:1      | Reached XP level 1. HP: 22/22 MP: 0/0
   106 | D:1      | Reached XP level 2. HP: 28/29 MP: 1/1
   181 | D:1      | Found Vutwoxoj's Distillery.
   616 | D:1      | Found a faded altar of an unknown god.
   734 | D:1      | XOM is BORED!
   734 | D:1      | XOM: noise
   798 | D:2      | Reached XP level 3. HP: 30/36 MP: 2/2
   805 | D:2      | Identified the +6 dagger of Equivalence {vorpal, Fly rElec
                  | Will+ Str+4}
   845 | D:2      | XOM: noise
   848 | D:2      | XOM: polymorph kobold -> dart slug
   975 | D:2      | XOM: chaos upgrade
   993 | D:2      | XOM: 5-stop teleportation journey
  1141 | D:2      | Reached skill level 1 in Evocations
  1156 | D:2      | Reached XP level 4. HP: 44/44 MP: 3/3
  1446 | D:3      | Reached skill level 4 in Unarmed Combat
  1551 | D:3      | XOM is BORED!
  1551 | D:3      | XOM: give mutations
  1551 | D:3      | Gained mutation: You are dopey. (Int -2) [Xom's mischief]
  1551 | D:3      | Gained mutation: You occasionally lose the ability to drink
                  | potions when taking damage. [Xom's mischief]
  1551 | D:3      | Lost mutation: You are dopey. (Int -2) [Xom's mischief]
  1615 | D:3      | Found a runed translucent door.
  1650 | D:3      | Quit the game

Illustrated notes

Levels and vault maps discovered:
D:1:      mrwooster_arrival_statue_3, layout_basic, serial_shops, shop,
          shapermc_ecumenical_altar_mp_vishouse, minivault_11
D:2:      layout_loops_ring, kennysheep_crisscross, item_on_display_a
D:3:      layout_basic, ebering_ghost_sewer_d, grunt_decor_one_mirror,
          minmay_starry_boxes

Skill      XL: |  1  2  3  4 |
---------------+-------------+-----
Dodging        | 2 |  2.4
Evocations     | 1 |  1.1
Unarmed Combat | 4 |  4.0
Fighting       | |  2.8

Action                   |  1- 3 |  4- 6 || total
-------------------------+-------+-------++-------
Melee: Unarmed           |   107 |    29 ||   136
       Punch             |     3 |     1 ||     4
  Use: Scroll            |     4 |     3 ||     7
 Stab: Sleeping          |     2 |       ||     2
Armor: Robe              |    31 |     8 ||    39
Dodge: Dodged            |    38 |     5 ||    43
Block: Other             |    20 |     2 ||    22
       Reflection        |     1 |       ||     1

Table legend: (Time is in decaauts)
 A = Elapsed time spent in this place.
 B = Non-inter-level travel time spent in this place.
 C = Inter-level travel time spent in this place.
 D = Time resting spent in this place.
 E = Time spent auto-exploring this place.
 F = Levels seen in this place.
 G = Mean time per level.
                   A        B        C        D        E       F      G
               +--------+--------+--------+--------+--------+-----+--------+
         Total |   1626 |   1574 |     52 |      0 |   1270 |   3 |  542.0 |
       Dungeon |   1626 |   1574 |     52 |      0 |   1270 |   3 |  542.0 |
               +--------+--------+--------+--------+--------+-----+--------+

Top non-repeatable levels by time:
     D:1: 771 daAuts
     D:2: 590 daAuts
     D:3: 264 daAuts
